 Dungeon Crawl Stone Soup version 0.32-a0-996-gb3226c2 (webtiles) character file.

Game seed: 12083710922213925093

107112 bobfrom10 the Warrior (level 16, -6/183 HPs)
             Began as an Oni Warper on Feb 17, 2024.
             Was the Champion of Cheibriados.
             Mangled by a swamp drake (7 damage)
             ... on level 4 of the Swamp on Apr 23, 2024.
             The game lasted 00:47:04 (28061 turns).

bobfrom10 the Warrior (Oni Warper)                 Turns: 28061, Time: 00:47:04

Health: -6/183     AC: 14    Str: 38    XL:     16   Next: 46%
Magic:  6/43       EV:  9    Int: 41    God:    Cheibriados [******]
Gold:   2272       SH:  0    Dex: 23    Spells: 31/44 levels left

rFire   . . .        p - +3 giant spiked club (elec)
rCold   + . .        (shield currently unavailable)
rNeg    + . .        K - +0 swamp dragon scales
rPois   +            g - +1 hat
rElec   .            O - +1 cloak
rCorr   +            (gloves unavailable)
SInv    .            (boots unavailable)
Will    ++++.        e - amulet of the Four Winds {rN+ Will+++ Clar}
Stlth   +            b - ring "Zauhaf" {*Slow rC+ rCorr Str+4 Int+6}
HPRegen 0.50/turn    F - ring of magical power
MPRegen 0.28/turn

%: slow self (1%), clarity
@: lethally poisoned (-6 -> -9), very slow
A: large, unfitting armour, horns 1, tough skin 1, double potion healing,
drunken brawling
a: Renounce Religion, Bend Time, Temporal Distortion, Slouch, Step From Time


You were on level 4 of the Swamp.
You worshipped Cheibriados.
Cheibriados was exalted by your worship.
You visited 4 branches of the dungeon, and saw 22 of its levels.
You also visited: Sewer.

You collected 2326 gold pieces.
You spent 54 gold pieces at shops.

Inventory:

Hand Weapons
 h - a +3 war axe
 n - a +4 mace of freezing
 p - a +3 giant spiked club of electrocution (weapon)
 P - the +4 quarterstaff of Calamity {flame, rC+ Int+2}
   (You found it on level 11 of the Dungeon)

   Int+2:     It affects your intelligence (+2).
   rC+:       It protects you from cold.
 T - a +0 demon blade of venom
Missiles
 q - 28 poisoned darts
 w - 2 throwing nets
 B - 5 curare-tipped darts
 X - 6 atropa-tipped darts
Armour
 g - a +1 hat (worn)
 I - an orb of guile
 K - +0 swamp dragon scales (worn)
 N - a +2 robe of resistance
 O - a +1 cloak (worn)
Jewellery
 b - the ring "Zauhaf" (left hand) {*Slow rC+ rCorr Str+4 Int+6}
   (You found it on level 4 of the Lair of Beasts)

   [ring of intelligence]

   Str+4:     It affects your strength (+4).
   Int+6:     It affects your intelligence (+6).
   rC+:       It protects you from cold.
   rCorr:     It protects you from acid and corrosion.
   *Slow:     It may slow you when you take damage.
 e - the amulet of the Four Winds (around neck) {rN+ Will+++ Clar}
   (You found it on level 1 of the Swamp)

   [amulet of nothing]

   rN+:       It protects you from negative energy.
   Will+++:   It greatly increases your willpower.
   Clar:      It protects you from confusion, rage, mesmerisation and fear.
 f - a ring of protection from fire
 k - a +4 ring of protection
 l - a ring of willpower
 m - a ring of positive energy
 t - an amulet of magic regeneration
 y - a ring of ice
 z - a ring of flight
 F - a ring of magical power (right hand)
 L - an amulet of regeneration
Wands
 d - a wand of polymorph (11)
 i - a wand of charming (37)
 G - a wand of mindburst (11)
 H - a wand of digging (6)
 M - a wand of iceblast (11)
 S - a wand of flame (40)
 Z - a wand of acid (9)
Scrolls
 c - 2 scrolls of blinking
 r - a scroll of fear
 D - 2 scrolls of teleportation
 E - a scroll of poison
 J - 3 scrolls of amnesia
 Q - 4 scrolls of revelation
 R - 7 scrolls of identify
 V - 4 scrolls of noise
 W - a scroll of silence
 Y - 3 scrolls of immolation
Potions
 a - a potion of resistance
 j - 3 potions of mutation
 o - 6 potions of brilliance
 u - 2 potions of curing
 v - a potion of magic {unknown}
 x - 2 potions of invisibility
 A - 2 potions of attraction
 C - 3 potions of berserk rage
 U - a potion of enlightenment


   Skills:
 + Level 17.4 Fighting
 + Level 16.4 Maces & Flails
 - Level 1.0 Throwing
 + Level 9.1 Armour
 - Level 2.1 Dodging
 + Level 14.8 Spellcasting
 + Level 12.7 Translocations
 - Level 4.0 Air Magic
 - Level 7.0 Invocations


You had 31 spell levels left.
You knew the following spells:

 Your Spells              Type           Power      Damage    Failure   Level
a - Blink                 Tloc           100%       N/A       0%          2
b - Vhi's Electric Charg  Tloc/Air       100%       N/A       1%          4
c - Manifold Assault      Tloc           47%        N/A       6%          7

Your spell library contained the following spells:

 Spells                   Type           Power      Damage    Failure   Level
 Lesser Beckoning         Tloc           100%       N/A       0%          2
 Kiss of Death            Conj/Necr      100%       2d13      1%          1
 Ensorcelled Hibernation  Hex/Ice        60%        N/A       1%          2
 Swiftness                Air            58%        N/A       1%          3
 Teleport Other           Tloc           94%        N/A       1%          3
 Confusing Touch          Hex            30%        N/A       3%          3
 Passwall                 Erth           30%        N/A       3%          3
 Summon Ice Beast         Ice/Summ       30%        N/A       3%          3
 Dispel Undead            Necr           30%        3d14      13%         4
 Olgreb's Toxic Radiance  Alch           30%        N/A       13%         4
 Summon Mana Viper        Hex/Summ       30%        N/A       34%         5
 Haunt                    Necr/Summ      15%        N/A       100%        7
 Monstrous Menagerie      Summ           15%        N/A       100%        7
 Ozocubu's Refrigeration  Ice            15%        4d10      100%        7
 Borgnjor's Revivificati  Necr           15%        N/A       100%        8
 Discord                  Hex            15%        N/A       100%        8
 Death's Door             Necr           15%        N/A       100%        9


Dungeon Overview and Level Annotations

Branches:
Dungeon (11/15)            Temple (0/1) D:7            Lair (5/5) D:8
  Swamp (4/4) Lair:2       Spider (0/4) Lair:3        Slime (0/5) Lair:4
    Orc (2/2) D:10            Elf (0/3) Orc:2         Sewer (visited)

Altars:
Cheibriados
Gozag
Kikubaaqudgha
Nemelex Xobeh
Okawaru
Qazlal
Sif Muna
Trog
Vehumet
Wu Jian
Xom
Zin
Beogh
Jiyva
Lugonu

Shops:
D:10 [   Orc:2 :[?[

Annotations:
D:9 2 transporters, seeu12's ghost, novice OpSh


Innate Abilities, Weirdness & Mutations

You are too large for most types of armour.
You have a pair of small horns on your head.
You have tough skin. (AC +1)
You gain doubled healing and magic from potions.
Whenever you drink a healing potion, you attack all around you.


Message History

You feel strangely unstable.
The swamp dragon breathes poison at you.
The blast of poison engulfs you but does no damage.
You are poisoned.
You resist.
The spriggan druid gestures at you while chanting.
The stone arrow hits you!!
* * * LOW HITPOINT WARNING * * *
The seven-headed hydra roars!
Unknown command.
You savour every drop.
You feel much better.
You feel sick.
Unknown command.
You feel sick.
Your surroundings suddenly seem different.
Splash!
You fall into the shallow water.
A four-headed hydra, 2 swamp dragons, a swamp drake and a fenstrider witch come into view.
Found 6 stones.
Found two stone staircases leading up.
You feel sick.
The four-headed hydra roars!
The swamp dragon roars deafeningly!
The fenstrider witch shouts!
You hear a deafening roar!
The swamp dragon breathes poison at you.
The swamp drake breathes poison at you.
The noxious blast engulfs you but does no damage.
You are more poisoned.
You resist.
You hear a roar!
Blink to where?
Press: ? - help, Dir - move target A five-headed hydra and a spriggan druid come into view.
The spriggan druid is wielding a +2 spectral quarterstaff.
As you read the scroll of blinking, it crumbles to dust.
You feel sick.
The five-headed hydra roars!
The spriggan druid shouts!
You feel sick.
The spriggan druid casts a spell at you.
The stone arrow hits you!!!
* * * LOW HITPOINT WARNING * * *
The swamp drake bites you!
You die...
Cheibriados appreciates the motionlessness of death.

..~ ♣♣†~~~~.♣♣♣♣♣~.~~~§~
♣ ♣~~~~~~~♣....§~~..~~
♣♣♣♣♣~~~~~.~♣~§~°~§..~..
♣♣.~~.~~~~♣♣♣.°°D☼☼☼D...
♣♣.~†§.~~~~♣♣.~°°§○☼~§~~
..(~~~.~~§~~♣♣°°°§○☼☼○○§
....~~.§~~~~♣♣.~°~~~~...
~~..~~~~~~.♣♣♣♣~~~~~~D..
.~.~♣♣...~♣♣ ♣♣@k.H~~~~
.~~~♣ ♣♣♣♣♣♣~~~~..~<~~~~
.~§§♣ ♣.~~~....~.~~
.~~~~♣ ♣.~§~i(~♣~...
~♣♣♣♣♣ ♣♣..~♣~♣♣ ...
♣.~D ~. .. ♣~~. .~ .
♣... ~~♣


You could see a five-headed hydra, a four-headed hydra, 2 swamp dragons, a
fenstrider witch, a spriggan druid and a swamp drake (catching breath).

Vanquished Creatures
  A thorn hunter (Swamp:4)
  The ghost of Kaybabei the Covert, a journeyman DsBr of Dithmenos (Swamp:3)
  6 eleionomae
  6 bunyips
  4 spectral fenstrider witches (Swamp:3)
  A fire dragon (Lair:1)
  A shambling mangrove (Swamp:3)
  5 hydras
  Fannar (Orc:1)
  A ghost crab (Swamp:2)
  3 ogre magi (Orc:2)
  2 catoblepae
  2 boulder beetles
  Erica (D:10)
  6 alligators
  2 two-headed ogres
  An orc high priest (Orc:2)
  3 death yaks (Lair:4)
  2 skysharks
  Sonja (Orc:1)
  4 goliath frogs
  2 spriggan druids
  5 swamp dragons
  10 bog bodies
  An orb spider (Lair:3)
  3 orc knights (Orc:1)
  Pikel (D:4)
  A lindwurm (Lair:5)
  2 obsidian bats (Orc:2)
  7 orc sorcerers (Orc:2)
  A spectral spriggan (Swamp:3)
  2 will-o-the-wisps (Swamp:3)
  4 kobold blastminers
  7 elephants
  7 black mambas
  An eye of devastation (Lair:4)
  11 cane toads
  Jeremiah (D:9)
  A gargoyle (D:10)
  4 rime drakes
  18 komodo dragons
  2 trolls
  A bloated husk (Swamp:3)
  6 tyrant leeches
  7 polar bears
  7 blink frogs
  25 hornets
  A blink frog (shapeshifter) (D:9)
  A glass eye (Lair:4)
  16 dream sheep
  32 spriggans
  A shadow (D:11)
  4 wyverns
  27 yaks
  6 basilisks
  2 wargs
  Grum (D:9)
  An acid dragon (D:6)
  11 swamp worms
  A death drake simulacrum (Swamp:3)
  14 water moccasins
  Duvessa (D:7)
  2 sky beasts
  3 black bears
  4 swamp drakes
  Pargi (Sewer)
  6 ice beasts
  20 orc warriors
  A centaur (D:10)
  4 spriggan simulacra (Swamp:3)
  6 ogres (Orc:2)
  34 wolves
  3 boggarts (Lair:5)
  4 lemures
  A phantom (D:5)
  3 kobold brigands
  8 bullfrogs
  A gnoll sergeant (D:9)
  5 scorpions
  8 wights
  Dowan (D:7)
  4 killer bees (D:8)
  A troll skeleton (Swamp:1)
  4 howler monkeys
  A bombardier beetle (D:5)
  5 jellies
  3 hounds
  A gnoll bouda (D:7)
  10 orc priests
  11 iguanas
  38 orc wizards
  13 gnolls
  8 adders
  4 white imps
  2 ufetubi (D:6)
  3 dart slugs
  3 ribbon worms (D:2)
  80 orcs
  10 ball pythons
  9 bats
  6 endoplasms
  19 giant cockroaches
  6 goblins
  7 hobgoblins
  14 jackals
  A quokka (D:1)
  2 frilled lizards
  22 kobolds
  9 rats
721 creatures vanquished.

Vanquished Creatures (others)
  A goliath frog (Swamp:3)
  A human (D:3)
  A gnoll sergeant (D:8)
  6 foxfires (Swamp:3)
9 creatures vanquished.

Grand Total: 730 creatures vanquished

Notes
Turn   | Place    | Note
-------+----------+-------------------------------------------
     0 | D:1      | bobfrom10 the Oni Warper began the quest for the Orb.
     0 | D:1      | Reached XP level 1. HP: 22/22 MP: 3/3
   114 | D:1      | Reached skill level 3 in Fighting
   114 | D:1      | Reached XP level 2. HP: 26/31 MP: 3/5
   276 | D:1      | Reached XP level 3. HP: 34/37 MP: 7/7
   797 | D:2      | Reached XP level 4. HP: 35/46 MP: 8/8
   877 | D:2      | Upgraded the game from 0.32-a0-339-g5eddc7e to
                  | 0.32-a0-405-gf9bc0de
   946 | D:2      | Found a snail-covered altar of Cheibriados.
   996 | D:2      | Became a worshipper of Cheibriados the Contemplative
  1340 | D:2      | Reached * piety under Cheibriados
  1382 | D:2      | Reached skill level 4 in Fighting
  1600 | D:2      | Reached XP level 5. HP: 54/54 MP: 10/10
  1766 | D:3      | Found an ancient bone altar of Kikubaaqudgha.
  1767 | D:3      | Noticed a human
  1768 | D:3      | Killed a human
  1780 | D:3      | Upgraded the game from 0.32-a0-405-gf9bc0de to
                  | 0.32-a0-938-g40ac7a0
  1867 | D:3      | Found an iron altar of Okawaru.
  1993 | D:3      | Reached ** piety under Cheibriados
  2006 | D:3      | Found a large runed translucent door.
  2007 | D:3      | Found a large runed translucent door.
  2235 | D:3      | Reached XP level 6. HP: 63/63 MP: 11/11
  2267 | D:3      | Learned a level 2 spell: Blink
  2292 | D:3      | Found a shimmering altar of Xom.
  2418 | D:4      | Noticed Pikel
  2622 | D:3      | Upgraded the game from 0.32-a0-938-g40ac7a0 to
                  | 0.32-a0-996-gb3226c2
  2916 | D:4      | Found a glowing drain.
  2924 | Sewer    | Entered a sewer
  3017 | Sewer    | Noticed Pargi
  3029 | Sewer    | Killed Pargi
  3030 | Sewer    | Reached skill level 5 in Fighting
  3165 | D:4      | Noticed a hornet
  3167 | D:4      | Reached *** piety under Cheibriados
  3169 | D:4      | Paralysed by a hornet for 2 turns
  3172 | D:4      | Killed a hornet
  3173 | D:4      | Reached XP level 7. HP: 61/74 MP: 10/14
  3435 | D:4      | Killed Pikel
  3436 | D:4      | Reached skill level 6 in Fighting
  3436 | D:4      | Reached skill level 5 in Maces & Flails
  3436 | D:4      | Reached skill level 5 in Spellcasting
  3436 | D:4      | Reached skill level 5 in Translocations
  3436 | D:4      | Reached XP level 8. HP: 29/84 MP: 8/16
  3854 | D:4      | Learned a level 4 spell: Vhi's Electric Charge
  3869 | D:5      | Entered Level 5 of the Dungeon
  3922 | D:5      | Reached skill level 7 in Fighting
  4021 | D:5      | Reached skill level 1 in Air Magic
  4630 | D:5      | Reached **** piety under Cheibriados
  4631 | D:5      | Reached XP level 9. HP: 76/93 MP: 14/18
  5585 | D:6      | Reached skill level 8 in Fighting
  5718 | D:6      | Found a shimmering blue altar of Sif Muna.
  6966 | D:6      | Found an ornate altar of the Wu Jian Council.
  7267 | D:7      | Found an opulent altar of Gozag.
  7443 | D:7      | Found a staircase to the Ecumenical Temple.
  7652 | D:7      | Found a stormy altar of Qazlal.
  7800 | D:7      | Noticed Duvessa
  7800 | D:7      | Noticed Dowan
  7811 | D:7      | Killed Duvessa
  7811 | D:7      | Killed Dowan
  7811 | D:7      | Reached ***** piety under Cheibriados
  8256 | D:8      | Noticed a rime drake
  8291 | D:8      | Reached skill level 9 in Fighting
  8291 | D:8      | Reached XP level 10. HP: 76/107 MP: 15/21
  8754 | D:8      | Found a staircase to the Lair.
  8772 | D:8      | Reached skill level 1 in Invocations
  9412 | D:9      | Found a transporter.
  9422 | D:9      | Noticed a moth of wrath
  9423 | D:9      | Noticed seeu12's ghost (novice OpSh)
  9423 | D:9      | Noticed a seven-headed hydra
  9438 | D:9      | Found a transporter.
  9446 | D:9      | Noticed a two-headed ogre
  9451 | D:9      | Noticed Grum
  9453 | D:9      | Killed a two-headed ogre
  9461 | D:9      | Killed Grum
  9767 | D:9      | Noticed Jeremiah
  9770 | D:9      | Killed Jeremiah
  9771 | D:9      | Reached skill level 10 in Fighting
  9891 | D:9      | Found a sparkling altar of Nemelex Xobeh.
 10503 | D:9      | Found a bloodstained altar of Trog.
 10526 | D:9      | Reached XP level 11. HP: 115/116 MP: 21/23
 10621 | D:10     | Entered Level 10 of the Dungeon
 10661 | D:10     | Noticed Erica
 10663 | D:10     | Found a glowing silver altar of Zin.
 10667 | D:10     | Killed Erica
 11176 | D:10     | Found Diuv's Armour Shoppe.
 11176 | D:10     | Found a staircase to the Orcish Mines.
 11342 | D:10     | Noticed a two-headed ogre
 11349 | D:10     | Killed a two-headed ogre
 11350 | D:10     | Reached skill level 5 in Invocations
 11357 | D:10     | Bought a +0 cloak for 54 gold pieces
 11472 | D:10     | Reached skill level 11 in Fighting
 12128 | D:11     | Identified the +4 quarterstaff of Calamity {flame, rC+
                  | Int+2}
 12291 | D:11     | Found a corrupted altar of Lugonu.
 12368 | Lair:1   | Entered Level 1 of the Lair of Beasts
 12679 | Lair:1   | Noticed a catoblepas
 12683 | Lair:1   | Reached skill level 10 in Spellcasting
 12683 | Lair:1   | Reached XP level 12. HP: 98/131 MP: 26/26
 12685 | Lair:1   | HP: 3/131 [catoblepas (12)]
 12686 | Lair:1   | Killed a catoblepas
 12979 | Lair:1   | Reached skill level 10 in Maces & Flails
 13067 | Lair:1   | Reached skill level 12 in Fighting
 13634 | Lair:1   | Noticed a fire dragon
 13643 | Lair:1   | Killed a fire dragon
 14163 | Lair:2   | Reached skill level 1 in Armour
 14856 | Lair:2   | Reached ****** piety under Cheibriados
 14857 | Lair:2   | Reached skill level 13 in Fighting
 15451 | Lair:2   | Reached XP level 13. HP: 81/144 MP: 28/28
 15614 | Lair:2   | Found a staircase to the Swamp.
 16343 | Lair:3   | Learned a level 7 spell: Manifold Assault
 16459 | Lair:3   | Found a hole to the Spider Nest.
 16900 | Lair:3   | Reached skill level 10 in Translocations
 17587 | Lair:4   | Identified the ring "Zauhaf" {*Slow rC+ rCorr Str+4 Int+6}
 17652 | Lair:4   | Found a viscous altar of Jiyva.
 17652 | Lair:4   | Found a staircase to the Slime Pits.
 17702 | Lair:4   | Reached skill level 14 in Fighting
 18627 | Lair:4   | Reached skill level 5 in Armour
 18719 | Lair:5   | Entered Level 5 of the Lair of Beasts
 19109 | Lair:5   | Reached XP level 14. HP: 157/157 MP: 19/30
 20423 | Lair:5   | Reached skill level 15 in Fighting
 21307 | Orc:1    | Entered Level 1 of the Orcish Mines
 21307 | Orc:1    | Noticed Fannar
 21310 | Orc:1    | Killed Fannar
 21525 | Orc:1    | Noticed Sonja
 21526 | Orc:1    | Killed Sonja
 21546 | Orc:1    | You fall into a shaft and drop 1 floor!
 21546 | Orc:2    | Entered Level 2 of the Orcish Mines
 21588 | Orc:2    | Found Bexumy's Book Emporium.
 21625 | Orc:2    | Paralysed by something for 3 turns
 21628 | Orc:2    | Paralysed by something for 4 turns
 21808 | Orc:2    | Found an ancient bone altar of Kikubaaqudgha.
 21913 | Orc:2    | Found a roughly hewn altar of Beogh.
 21913 | Orc:2    | Found Zacunneg's Magic Scroll Emporium.
 21913 | Orc:2    | Found Tochol's Antique Armour Shoppe.
 21913 | Orc:2    | Paralysed by an orc sorcerer for 4 turns
 21936 | Orc:2    | Found Adyiskie's Antique Armour Emporium.
 21992 | Orc:2    | Found a radiant altar of Vehumet.
 22154 | Orc:2    | Found a roughly hewn altar of Beogh.
 22395 | Orc:2    | Found a staircase to the Elven Halls.
 22655 | Orc:1    | Reached skill level 15 in Maces & Flails
 22752 | Orc:1    | Reached XP level 15. HP: 122/169 MP: 6/32
 23089 | Orc:1    | Found a roughly hewn altar of Beogh.
 23296 | Swamp:1  | Entered Level 1 of the Swamp
 23649 | Swamp:1  | Reached skill level 16 in Fighting
 23880 | Swamp:1  | Found the amulet of the Four Winds {rN+ Will+++ Clar}
 26115 | Swamp:3  | HP: 6/171 [spriggan rider/+0 spear (22)]
 26173 | Swamp:3  | Paralysed by a hornet for 1 turns
 26175 | Swamp:3  | Found a runed translucent gate.
 26878 | Swamp:3  | Found a runed translucent gate.
 26878 | Swamp:3  | Found a runed translucent gate.
 26884 | Swamp:3  | Reached XP level 16. HP: 182/182 MP: 34/34
 27116 | Swamp:3  | Reached skill level 17 in Fighting
 27487 | Swamp:3  | Noticed Kaybabei's ghost (journeyman DsBr)
 27512 | Swamp:3  | Killed Kaybabei's ghost
 27750 | Swamp:4  | Entered Level 4 of the Swamp
 27750 | Swamp:4  | Noticed a thorn hunter
 27759 | Swamp:4  | Killed a thorn hunter
 28056 | Swamp:4  | HP: 2/183 [spriggan druid/stone arrow (30)]
 28059 | Swamp:4  | Noticed a fenstrider witch
 28061 | Swamp:4  | HP: 1/183 [spriggan druid/stone arrow (43)]
 28061 | Swamp:4  | Mangled by a swamp drake

Illustrated notes

Levels and vault maps discovered:
D:1:      co_arrival_random_square_maze, layout_rooms, minmay_ruptured
D:2:      minmay_roachtagon, layout_loops_cross, basic_altar
D:3:      due_chaos_kobolds, layout_rooms, okawaru_gym_becter, tgw_kikubaaqudgha
D:4:      minmay_diamond_boxcup, layout_basic,
          mainiacjoe_sewer_entry_somewhere_in_here_1, uniq_pikel
D:5:      layout_loops_ring
D:6:      layout_layer_cave, hellmonk_sif_muna_bookshelves,
          nicolae_wu_jian_immortal_techniques
D:7:      layout_gridville, mainiacjoe_overflow_24_doors,
          mainiacjoe_overflow_paths, minmay_temple_entry_glass,
          bh_walls_and_bars, uniq_duvessa
D:8:      layout_basic, hellmonk_lair_entry_icy, serial_corexii_hall,
          chequers_hall_statues_wall_a, chequers_hall_statues_y,
          corexii_hall_statues_s, corexii_hall_statues_i
D:9:      minmay_klotski, layout_loops_cross, trog_butcher_becter,
          mainiacjoe_overflow_catwalk, gammafunk_ghost_berserking_beasts,
          uniq_grum, uniq_jeremiah
D:10:     layout_small_grid, old_standard_altar, orc_david_3, uniq_erica
D:11:     layout_irregular_city, marbit_kobold_abyssish
Lair:1:   dragon1_lemuel, layout_regular_city, infiniplex_staircase_pool_2
Lair:2:   beast_lair_carwin_large_4, layout_cave_pods, swamp_mist
Lair:3:   layout_loops_ring, nicolae_spider_entry_orb_guardian, st_stairs_9,
          beast_lair_carwin_8
Lair:4:   layout_cave_pods, minmay_slime_entry_eyes, beast_lair_carwin_2
Lair:5:   minmay_lair_end_enchanted_forest, layout_regular_city,
          patterned_corridor
Swamp:1:  layout_basic_swamp, evilmike_swamp_ruin_house_1, swamp_pool_3,
          cheibrodos_swamp_minitomb
Swamp:2:  layout_basic_swamp, nicolae_swamp_tree_isthmus
Swamp:3:  layout_basic_swamp, gammafunk_ghost_necromancy,
          evilmike_swamp_ruin_house_2, swamp_pool_1_2,
          infiniplex_staircase_pool, nicolae_swamp_long_stream
Swamp:4:  swamp, layout_basic_swamp, swamp_pool_1_2, hangedman_swamp_dais
Orc:1:    layout_caves, lightli_church_of_beogh, uniq_sonja, uniq_fannar
Orc:2:    kennysheep_orc_mage_school, layout_caves, basic_altar

Skill      XL: |  1  2  3  4  5  6  7  8  9 10 11 12 13 14 15 16 |
---------------+-------------------------------------------------+-----
Fighting       | 3 4 5 6 7 9 10 11 13 14 15 16 17 | 17.4
Translocations | 3 4 5 6 7 8 9 10 11 12 | 12.7
Spellcasting   | 3 4 5 6 7 8 10 11 12 13 14 | 14.8
Maces & Flails | 3 4 5 6 7 9 11 13 15 16 | 16.4
Air Magic      | 1 3 4 |  4.0
Invocations    | 4 6 7 |  7.0
Armour         | 2 5 7 8 9 |  9.1
Throwing       | |  1.0
Dodging        | |  2.1

Action                     |  1- 3 |  4- 6 |  7- 9 | 10-12 | 13-15 | 16-18 || total
---------------------------+-------+-------+-------+-------+-------+-------++-------
  Melee: Mace              |   101 |   123 |       |    96 |       |       ||   320
         Headbutt          |    11 |    37 |    51 |    71 |    62 |     6 ||   238
         Hand axe          |       |   140 |    16 |    13 |       |       ||   169
         Unarmed           |       |       |    16 |       |       |       ||    16
         Whip              |       |       |   125 |    54 |       |       ||   179
         Flail             |       |       |   134 |     7 |       |       ||   141
         Giant spiked club |       |       |       |   166 |   659 |   114 ||   939
  Throw: Dart              |       |     7 |       |       |       |       ||     7
         Stone             |       |       |       |     4 |       |       ||     4
   Cast: Vhi's Electric Ch |       |       |    33 |   132 |    61 |     3 ||   229
         Blink             |       |       |    12 |    54 |     7 |     1 ||    74
         Manifold Assault  |       |       |       |       |   186 |    26 ||   212
 Invoke: Bend Time         |       |     2 |     3 |       |       |       ||     5
         Slouch            |       |       |     1 |     3 |     1 |       ||     5
  Evoke: Wand              |       |     2 |       |     1 |       |       ||     3
    Use: Scroll            |       |     6 |     9 |    14 |     5 |     5 ||    39
         Potion            |       |     6 |     7 |     2 |     4 |     1 ||    20
   Stab: Sleeping          |       |     1 |     1 |       |       |       ||     2
         Distracted        |       |       |       |       |     1 |       ||     1
 Armour: Robe              |   113 |   276 |   253 |   325 |   410 |       ||  1377
         Skin              |       |       |    33 |    28 |       |       ||    61
         Swamp dragon scal |       |       |       |       |     1 |    86 ||    87
  Dodge: Dodged            |    70 |   160 |   150 |   180 |   187 |    25 ||   772

Table legend: (Time is in decaauts)
 A = Elapsed time spent in this place.
 B = Non-inter-level travel time spent in this place.
 C = Inter-level travel time spent in this place.
 D = Time resting spent in this place.
 E = Time spent auto-exploring this place.
 F = Levels seen in this place.
 G = Mean time per level.
                   A        B        C        D        E       F      G
               +--------+--------+--------+--------+--------+-----+--------+
         Total |  38110 |  36866 |   1244 |    802 |  30963 |  23 | 1657.0 |
       Dungeon |  16202 |  15582 |    620 |    299 |  12635 |  11 | 1472.9 |
          Lair |  13110 |  12658 |    452 |    326 |  11053 |   5 | 2622.0 |
         Swamp |   5665 |   5631 |     34 |    177 |   4854 |   4 | 1416.2 |
  Orcish Mines |   2877 |   2740 |    137 |      0 |   2246 |   2 | 1438.5 |
         Sewer |    255 |    255 |      0 |      0 |    174 |   1 |  255.0 |
               +--------+--------+--------+--------+--------+-----+--------+

Top non-repeatable levels by time:
  Lair:5: 3256 daAuts
  Lair:2: 3162 daAuts
     D:6: 2832 daAuts
  Lair:1: 2438 daAuts
  Lair:3: 2406 daAuts
 Swamp:3: 2286 daAuts
    D:10: 1954 daAuts
     D:9: 1916 daAuts
  Lair:4: 1846 daAuts
     D:5: 1755 daAuts
     D:8: 1732 daAuts
   Orc:2: 1650 daAuts
 Swamp:1: 1629 daAuts
 Swamp:2: 1581 daAuts
     D:4: 1428 daAuts
